Workbook

Sheet Cronograma
A1: =Orçamento!A1 -> PREFEITURA MUNICIPAL DE MONTE BELO/MG
A3: CRONOGRAMA FÍSICO-FINANCEIRO - REFORMA DA FARMÁCIA DE MINAS
A4: Obra: | B4: =Orçamento!B3 -> Reforma da Farmacia de Minas | C4: BDI: | D4: 0.2288 | E4: SINAPI 05/2025, SETOP 04/2025 e SUDECAP 04/2025
A6: Local: | B6: =Orçamento!B4 -> Rua 15 de Novembro, nº 824, Centro | C6: Data: | D6: =Orçamento!F5 -> 45930
A7: Código | B7: Descrição | C7: Duração | D7: Financeiro | E7: Físico | F7: Mês 1 | G7: Mês 2 | H7: Mês 3 | I7: Mês 4
A8: 1 | B8: SERVIÇOS PRELIMINARES | C8: 1 Mês | D8: =Orçamento!H11 -> 1544.448 | E8: =D8/$D$31 -> 0.03248907 | F8: =D8 -> 1544.448
F9: =E8 -> 0.03248907
F10: =F9 -> 0.03248907
A11: 2 | B11: TELHADO E COBERTURA | C11: 2 Meses | D11: =Orçamento!H17 -> 8571.6379 | E11: =D11/$D$31 -> 0.18031332 | G11: =D11/2 -> 4285.819 | H11: =D11/2 -> 4285.819
G12: =E11/2 -> 0.09015666 | H12: =E11/2 -> 0.09015666
G13: =G12 -> 0.09015666 | H13: =G13+H12 -> 0.18031332
A14: 3 | B14: AMPLIAÇÃO | C14: 2 Meses | D14: =Orçamento!H63 -> 15606.792 | E14: =D14/$D$31 -> 0.32830511 | F14: =D14/2 -> 7803.3962 | G14: =D14/2 -> 7803.3962
F15: =E14/2 -> 0.16415256 | G15: =E14/2 -> 0.16415256
F16: =F15 -> 0.16415256 | G16: =F16+G15 -> 0.32830511
A17: 4 | B17: INSTALAÇÕES ELÉTRICAS | C17: 2 Meses | D17: =Orçamento!H68 -> 569.47507 | E17: =D17/$D$31 -> 0.0119795 | F17: =D17*0.2 -> 113.89501 | G17: =D17*0.8 -> 455.58006
F18: =E17*0.2 -> 0.0023959001 | G18: =E17*0.8 -> 0.0095836004
F19: =F18 -> 0.0023959001 | G19: =F19+G18 -> 0.0119795
A20: 5 | B20: ESQUADRIAS | C20: 2 Meses | D20: =Orçamento!H78 -> 8976.6512 | E20: =D20/$D$31 -> 0.18883319 | H20: =D20*0.3 -> 2692.9954 | I20: =D20*0.7 -> 6283.6558
H21: =E20*0.3 -> 0.056649958 | I21: =E20*0.7 -> 0.13218324
H22: =G22+H21 -> 0.056649958 | I22: =H22+I21 -> 0.18883319
A23: 6 | B23: PINTURA | C23: 1 Mês | D23: =Orçamento!H86 -> 11244.869 | E23: =D23/$D$31 -> 0.23654751 | H23: =D23 -> 11244.869
H24: =E23 -> 0.23654751
H25: =H24 -> 0.23654751
A26: 7 | B26: SERVIÇOS COMPLEMENTARES | C26: 1 Mês | D26: =Orçamento!H90 -> 1023.5904 | E26: =D26/$D$31 -> 0.021532289 | I26: =D26 -> 1023.5904
I27: =E26 -> 0.021532289
I28: =H28+I27 -> 0.021532289
A29: DURAÇÃO TOTAL | C29: 4 Meses | F29: =F8+F11+F14+F17+F20+F23+F26 -> 9461.7393 | G29: =G8+G11+G14+G17+G20+G23+G26 -> 12544.795 | H29: =H8+H11+H14+H17+H20+H23+H26 -> 18223.683 | I29: =I8+I11+I14+I17+I20+I23+I26 -> 7307.2462
F30: =F29 -> 9461.7393 | G30: =F30+G29 -> 22006.535 | H30: =G30+H29 -> 40230.218 | I30: =H30+I29 -> 47537.464
A31: TOTAL GERAL COM BDI | D31: =SUM(D8:D28) -> 47537.464 | E31: =SUM(E8:E30) -> 1 | F31: =F29/$D$31 -> 0.19903753 | G31: =G29/$D$31 -> 0.26389282 | H31: =H29/$D$31 -> 0.38335413 | I31: =I29/$D$31 -> 0.15371553
F32: =F31 -> 0.19903753 | G32: =F32+G31 -> 0.46293034 | H32: =G32+H31 -> 0.84628447 | I32: =H32+I31 -> 1
A35: __________________________________________________________
A36: =Orçamento!A95 -> Lucas Vinicius Pereira de Lima
A37: Engenheiro Civil
A38: CREA MG 211.217/D

Sheet Orçamento
A1: PREFEITURA MUNICIPAL DE MONTE BELO/MG
A2: PLANILHA ORÇAMENTÁRIA - REFORMA DA FARMACIA DE MINAS
A3: Obra: | B3: Reforma da Farmacia de Minas | D3: Referência: | F3: SINAPI 05/2025, SETOP 04/2025 e SUDECAP 04/2025
A4: Local: | B4: Rua 15 de Novembro, nº 824, Centro | D4: BDI: | F4: 0.2288
A5: Autor: | B5: Lucas Vinicius Pereira de Lima | D5: Data: | F5: 45930
A6: CREA/CAU | B6: 227.323/D | F6: Não Desonerado
A8: Item | B8: Código | C8: Descriminação do ítem | D8: Unid. | E8: Quant. | F8: Valor Unit. | G8: Valor Unit. c/ BDI | H8: Valor total c/ BDI | I8: 1.2288
A9: 1.0 SERVIÇOS PRELIMINARES
A10: 1.1 | B10: 103689 | C10: FORNECIMENTO E INSTALAÇÃO DE PLACA DE OBRA COM CHAPA GALVANIZADA E ESTRUTURA DE MADEIRA. AF_03/2022_PS | D10: M² | E10: 2.5 | F10: 502.75 | G10: =F10*$I$8 -> 617.7792 | H10: =E10*G10 -> 1544.448
A11: SUB TOTAL DO ITEM | H11: =SUM(H10:H10) -> 1544.448
A13: 2.0 TELHADO E COBERTURA
A14: 2.1 | B14: 97647 | C14: REMOÇÃO DE TELHAS DE FIBROCIMENTO METÁLICA E CERÂMICA, DE FORMA MANUAL, SEM REAPROVEITAMENTO. AF_09/2023 | D14: M2 | E14: 89.64 | F14: 3.85 | G14: =F14*$I$8 -> 4.73088 | H14: =E14*G14 -> 424.07608
A15: 2.2 | B15: 94213 | C15: TELHAMENTO COM TELHA DE AÇO/ALUMÍNIO E = 0,5 MM, COM ATÉ 2 ÁGUAS, INCLUSO IÇAMENTO. AF_07/2019 | D15: M2 | E15: 89.64 | F15: 61.52 | G15: =F15*$I$8 -> 75.595776 | H15: =E15*G15 -> 6776.4054
A16: 2.3 | B16: ED-50169 | C16: IMPERMEABILIZAÇÃO COM MANTA ASFÁLTICA ANTIRRAIZ, TIPO III, CLASSE A, ESP. 4MM, INCLUSIVE APLICAÇÃO DE PRIMER ASFÁLTICO | D16: M2 | E16: 15 | F16: 74.39 | G16: =F16*$I$8 -> 91.410432 | H16: =E16*G16 -> 1371.1565
A17: SUB TOTAL DO ITEM | H17: =SUM(H14:H16) -> 8571.6379
A19: 3.0 AMPLIAÇÃO
A20: 3.1 | C20: INFRAESTRUTURA
A21: 3.1.1 | B21: ED-48435 | C21: DEMOLIÇÃO MANUAL DE ALVENARIA DE TIJOLO CERÂMICO OU BLOCO DE CONCRETO, INCLUSIVE AFASTAMENTO E EMPILHAMENTO, EXCLUSIVE TRANSPORTE E RETIRADA DO MATERIAL DEMOLIDO | D21: M3 | E21: =(1.41*3*0.25)-(1*1) -> 0.0575 | F21: 118.17 | G21: =F21*$I$8 -> 145.2073 | H21: =G21*E21 -> 8.3494195
A22: 3.1.2 | B22: ED-51125 | C22: TRANSPORTE DE MATERIAL DEMOLIDO EM CAÇAMBA, EXCLUSIVE CARGA MANUAL OU MECÂNICA | D22: M3 | E22: =((1.41*3*0.25)-(1*1))+(10*0.15*0.15) -> 0.2825 | F22: 83 | G22: =F22*$I$8 -> 101.9904 | H22: =G22*E22 -> 28.812288
A23: 3.1.3 | B23: ED-48507 | C23: DEMOLIÇÃO MANUAL DE SARJETA OU SARJETÃO DE CONCRETO, INCLUSIVE AFASTAMENTO E EMPILHAMENTO, EXCLUSIVE TRANSPORTE E RETIRADA DO MATERIAL DEMOLIDO (DEMOLIÇÃO DE CANTEIRO) | D23: M2 | E23: =10 -> 10 | F23: 11.82 | G23: =F23*$I$8 -> 14.524416 | H23: =G23*E23 -> 145.24416
A24: 3.1.4 | B24: ED-48516 | C24: REMOÇÃO MANUAL DE VIDRO EM ESQUADRIAS, COM OU SEM REAPROVEITAMENTO, INCLUSIVE LIMPEZA DO ENCAIXE, AFASTAMENTO E EMPILHAMENTO, EXCLUSIVE TRANSPORTE E RETIRADA DO MATERIAL REMOVIDO NÃO REAPROVEITÁVEL | D24: M2 | E24: =1*1.15 -> 1.15 | F24: 7.38 | G24: =F24*$I$8 -> 9.068544 | H24: =G24*E24 -> 10.428826
A25: 3.1.5 | B25: 03.15.03 | C25: ATERRO COMPACTADO MANUALMENTE COM SOQUETE | D25: M3 | E25: =7.82*0.2 -> 1.564 | F25: 57.72 | G25: =F25*$I$8 -> 70.926336 | H25: =G25*E25 -> 110.92879
A26: 3.1.6 | B26: ED-29551 | C26: CORTE, DOBRA E MONTAGEM DE AÇO CA-50, DIÂMETRO 10MM, INCLUSIVE ESPAÇADOR (BALDRAME) | D26: KG | E26: =1.37*4*0.624 -> 3.41952 | F26: 14.32 | G26: =F26*$I$8 -> 17.596416 | H26: =G26*E26 -> 60.171296
A27: 3.1.7 | B27: ED-29548 | C27: CORTE, DOBRA E MONTAGEM DE AÇO CA-60, DIÂMETRO 5MM, INCLUSIVE ESPAÇADOR (BALDRAME) | D27: KG | E27: =(((0.35+0.25)*2)*6)*0.154 -> 1.1088 | F27: 15.14 | G27: =F27*$I$8 -> 18.604032 | H27: =G27*E27 -> 20.628151
A28: 3.1.8 | B28: ED-29551 | C28: CORTE, DOBRA E MONTAGEM DE AÇO CA-50, DIÂMETRO 10MM, INCLUSIVE ESPAÇADOR (RESPALDO) | D28: KG | E28: =1.37*4*0.624 -> 3.41952 | F28: 14.32 | G28: =F28*$I$8 -> 17.596416 | H28: =G28*E28 -> 60.171296
A29: 3.1.9 | B29: ED-29548 | C29: CORTE, DOBRA E MONTAGEM DE AÇO CA-60, DIÂMETRO 5MM, INCLUSIVE ESPAÇADOR (RESPALDO) | D29: KG | E29: =(((0.35+0.25)*2)*6)*0.154 -> 1.1088 | F29: 15.14 | G29: =F29*$I$8 -> 18.604032 | H29: =G29*E29 -> 20.628151
A30: 3.1.10 | B30: ED-48233 | C30: ALVENARIA DE VEDAÇÃO COM TIJOLO CERÂMICO FURADO, ESP. 19CM, PARA REVESTIMENTO, INCLUSIVE ARGAMASSA PARA ASSENTAMENTO | D30: M2 | E30: =1.37*3 -> 4.11 | F30: 92.42 | G30: =F30*$I$8 -> 113.5657 | H30: =G30*E30 -> 466.75501
A31: 3.1.11 | B31: ED-8564 | C31: FÔRMA PARA VIGA-CINTA/BLOCO DE MADEIRA COM TÁBUA E SARRAFO (MONTAGEM)(VIGA DE RESPALDO) | D31: M2 | E31: =(0.3*1.37)*2 -> 0.822 | F31: 29.06 | G31: =F31*$I$8 -> 35.708928 | H31: =G31*E31 -> 29.352739
A32: 3.1.12 | B32: ED-49618 | C32: FORNECIMENTO DE CONCRETO ESTRUTURAL, PREPARADO EM OBRA, COM FCK 20MPA, INCLUSIVE LANÇAMENTO, ADENSAMENTO E ACABAMENTO | D32: M3 | E32: =((0.3*0.2*1.37)*2) -> 0.1644 | F32: 782.1 | G32: =F32*$I$8 -> 961.04448 | H32: =G32*E32 -> 157.99571
A33: 3.2 | C33: IMPERMEABILIZAÇÃO
A34: 3.2.1 | B34: ED-50764 | C34: REVESTIMENTO COM IMPERMEABILIZANTE EM DUAS (2) CAMADAS SOBREPOSTAS DE ARGAMASSA, TRAÇO 1:3 (CIMENTO E AREIA) COM ADITIVO IMPERMEABILIZANTE, ESP. 20MM, INCLUSIVE PINTURA COM DUAS (2) DEMÃOS COM EMULSÃO ASFÁLTICA | D34: M2 | E34: =((4.19+1.15)*3)+((0.3+0.3+0.2)*1.37) -> 17.116 | F34: 76.71 | G34: =F34*$I$8 -> 94.261248 | H34: =G34*E34 -> 1613.3755
A35: 3.3 | C35: COBERTURA
A36: 3.3.1 | B36: ED-48323 | C36: LAJE PRÉ-MOLDADA D = 8 CM, CONCRETO 1:2:4 COM ARMAÇÃO E FORMA RESINADA | D36: M2 | E36: 7.82 | F36: 201.19 | G36: =F36*$I$8 -> 247.22227 | H36: =G36*E36 -> 1933.2782
A37: 3.3.2 | B37: ED-48442 | C37: DEMOLIÇÃO MECANIZADA DE CONCRETO, SEM ARMAÇÃO, COM EQUIPAMENTO ELÉTRICO, INCLUSIVE AFASTAMENTO E EMPILHAMENTO, EXCLUSIVE TRANSPORTE E RETIRADA DO MATERIAL DEMOLIDO (DEMOLIÇÃO PARA EMBUTIR A LAJE) | D37: M3 | E37: =((4.19+0.29+1.15)*0.15*0.3)+(5.34*0.15*0.2) -> 0.41355 | F37: 169.87 | G37: =F37*$I$8 -> 208.73626 | H37: =G37*E37 -> 86.322879
A38: 3.3.3 | B38: 94216 | C38: TELHAMENTO COM TELHA METÁLICA TERMOACÚSTICA E = 30 MM, COM ATÉ 2 ÁGUAS, INCLUSO IÇAMENTO. AF_07/2019 | D38: M2 | E38: 7.82 | F38: 164.16 | G38: =F38*$I$8 -> 201.71981 | H38: =G38*E38 -> 1577.4489
A39: 3.3.4 | B39: ED-50661 | C39: CALHA EM CHAPA GALVANIZADA, ESP. 0,5MM (GSG-26), COM DESENVOLVIMENTO DE 33CM, INCLUSIVE IÇAMENTO MANUAL VERTICAL | D39: M | E39: 5.34 | F39: 39.11 | G39: =F39*$I$8 -> 48.058368 | H39: =G39*E39 -> 256.63169
A40: 3.3.5 | B40: ED-50683 | C40: RUFO E CONTRARRUFO EM CHAPA GALVANIZADA, ESP. 0,5MM (GSG-26), COM DESENVOLVIMENTO DE 20CM, INCLUSIVE IÇAMENTO MANUAL VERTICAL | D40: M | E40: =4.19+0.29+1.15 -> 5.63 | F40: 30.31 | G40: =F40*$I$8 -> 37.244928 | H40: =G40*E40 -> 209.68894
A41: 3.3.6 | B41: ED-28551 | C41: CONDUTOR DE ÁGUAS PLUVIAIS RETANGULAR EM AÇO GALVANIZADO, DIMENSÃO (43X85)MM, , ESP. 0,43MM (GSG-28), INCLUSIVE CONEXÕES E SUPORTES | D41: M | E41: 3 | F41: 64.17 | G41: =F41*$I$8 -> 78.852096 | H41: =G41*E41 -> 236.55629
A42: 3.4 | C42: ACABAMENTOS
A43: 3.4.1 | B43: ED-50569 | C43: CONTRAPISO DESEMPENADO COM ARGAMASSA, TRAÇO 1:3 (CIMENTO E AREIA), ESP. 50MM, INCLUSIVE ARGAMASSA COM PREPARO MECANIZADO | D43: M2 | E43: 7.82 | F43: 65.11 | G43: =F43*$I$8 -> 80.007168 | H43: =G43*E43 -> 625.65605
A44: 3.4.2 | B44: 94992 | C44: EXECUÇÃO DE PASSEIO (CALÇADA) OU PISO DE CONCRETO COM CONCRETO MOLDADO IN LOCO, FEITO EM OBRA, ACABAMENTO CONVENCIONAL, ESPESSURA 6 CM, ARMADO. AF_08/2022 | D44: M2 | E44: 7.82 | F44: 83.82 | G44: =F44*$I$8 -> 102.99802 | H44: =G44*E44 -> 805.44449
A45: 3.4.3 | B45: ED-50542 | C45: REVESTIMENTO COM CERÂMICA APLICADO EM PISO, ACABAMENTO ESMALTADO, AMBIENTE INTERNO, PADRÃO EXTRA, DIMENSÃO DA PEÇA ATÉ 2025 CM2, PEI V, ASSENTAMENTO COM ARGAMASSA INDUSTRIALIZADA, INCLUSIVE REJUNTAMENTO | D45: M2 | E45: 7.82 | F45: 84.18 | G45: =F45*$I$8 -> 103.44038 | H45: =G45*E45 -> 808.9038
A46: 3.4.4 | B46: ED-50731 | C46: CHAPISCO COM ARGAMASSA INDUSTRIALIZADA, ESP. 5MM, APLICADO EM ALVENARIA/ESTRUTURA DE CONCRETO COM DESEMPENADEIRA METÁLICA, INCLUSIVE ARGAMASSA COM PREPARO MECANIZADO | D46: M2 | E46: =(5.34+1.37)*3 -> 20.13 | F46: 16.97 | G46: =F46*$I$8 -> 20.852736 | H46: =G46*E46 -> 419.76558
A47: 3.4.5 | B47: ED-50761 | C47: REBOCO COM ARGAMASSA, TRAÇO 1:2:8 (CIMENTO, CAL E AREIA) , ESP. 20MM, APLICAÇÃO MANUAL, INCLUSIVE ARGAMASSA COM PREPARO MECANIZADO, EXCLUSIVE CHAPISCO | D47: M2 | E47: =E46 -> 20.13 | F47: 39.18 | G47: =F47*$I$8 -> 48.144384 | H47: =G47*E47 -> 969.14645
A48: 3.4.6 | B48: ED-50732 | C48: EMBOÇO COM ARGAMASSA, TRAÇO 1:6 (CIMENTO E AREIA), ESP. 20MM, APLICAÇÃO MANUAL, INCLUSIVE ARGAMASSA COM PREPARO MECANIZADO, EXCLUSIVE CHAPISCO | D48: M2 | E48: =E46 -> 20.13 | F48: 37.08 | G48: =F48*$I$8 -> 45.563904 | H48: =G48*E48 -> 917.20139
A49: 3.4.7 | B49: ED-9081 | C49: REVESTIMENTO COM CERÂMICA APLICADO EM PAREDE, ACABAMENTO ESMALTADO, AMBIENTE INTERNO/EXTERNO, PADRÃO EXTRA, DIMENSÃO DA PEÇA ATÉ 2025 CM2, PEI III, ASSENTAMENTO COM ARGAMASSA INDUSTRIALIZADA, INCLUSIVE REJUNTAMENTO | D49: M2 | E49: =(4.19+0.29+1.15+5.34 )*3 -> 32.91 | F49: 75.91 | G49: =F49*$I$8 -> 93.278208 | H49: =G49*E49 -> 3069.7858
A50: 3.4.8 | B50: ED-9066 | C50: REVESTIMENTO DE GESSO EM TETO, ESP. 5MM, APLICAÇÃO MANUAL, INCLUSIVE ACABAMENTO SARRAFEADO | D50: M2 | E50: 7.82 | F50: 26.83 | G50: =F50*$I$8 -> 32.968704 | H50: =G50*E50 -> 257.81527
A51: 3.5 | C51: INSTALAÇÕES ELÉTRICAS
A52: 3.5.1 | B52: 92023 | C52: INTERRUPTOR SIMPLES (1 MÓDULO) COM 1 TOMADA DE EMBUTIR 2P+T 10 A, INCLUINDO SUPORTE E PLACA - FORNECIMENTO E INSTALAÇÃO. AF_03/2023 | D52: UN | E52: 1 | F52: 53.72 | G52: =F52*$I$8 -> 66.011136 | H52: =G52*E52 -> 66.011136
A53: 3.5.2 | B53: 90447 | C53: RASGO LINEAR MANUAL EM ALVENARIA, PARA ELETRODUTOS, DIÂMETROS MENORES OU IGUAIS A 40 MM. AF_09/2023 | D53: M | E53: 2 | F53: 9.1 | G53: =F53*$I$8 -> 11.18208 | H53: =G53*E53 -> 22.36416
A54: 3.5.3 | B54: 92868 | C54: CAIXA RETANGULAR 4" X 2" MÉDIA (1,30 M DO PISO), METÁLICA, INSTALADA EM PAREDE - FORNECIMENTO E INSTALAÇÃO. AF_03/2023 | D54: UN | E54: 2 | F54: 18.92 | G54: =F54*$I$8 -> 23.248896 | H54: =G54*E54 -> 46.497792
A55: 3.5.4 | B55: 91936 | C55: CAIXA OCTOGONAL 4" X 4", PVC, INSTALADA EM LAJE - FORNECIMENTO E INSTALAÇÃO. AF_03/2023 | D55: UN | E55: 1 | F55: 20.16 | G55: =F55*$I$8 -> 24.772608 | H55: =G55*E55 -> 24.772608
A56: 3.5.5 | B56: 91855 | C56: ELETRODUTO FLEXÍVEL CORRUGADO REFORÇADO, PVC, DN 25 MM (3/4"), PARA CIRCUITOS TERMINAIS, INSTALADO EM PAREDE - FORNECIMENTO E INSTALAÇÃO. AF_03/2023 | D56: M | E56: 2 | F56: 12.28 | G56: =F56*$I$8 -> 15.089664 | H56: =G56*E56 -> 30.179328
A57: 3.5.6 | B57: 91845 | C57: ELETRODUTO FLEXÍVEL CORRUGADO REFORÇADO, PVC, DN 25 MM (3/4"), PARA CIRCUITOS TERMINAIS, INSTALADO EM LAJE - FORNECIMENTO E INSTALAÇÃO. AF_03/2023 | D57: M | E57: 1 | F57: 9.1 | G57: =F57*$I$8 -> 11.18208 | H57: =G57*E57 -> 11.18208
A58: 3.5.7 | B58: 91924 | C58: CABO DE COBRE FLEXÍVEL ISOLADO, 1,5 MM², ANTI-CHAMA 450/750 V, PARA CIRCUITOS TERMINAIS - FORNECIMENTO E INSTALAÇÃO. AF_03/2023 | D58: M | E58: 6 | F58: 3.19 | G58: =F58*$I$8 -> 3.919872 | H58: =G58*E58 -> 23.519232
A59: 3.5.8 | B59: 91926 | C59: CABO DE COBRE FLEXÍVEL ISOLADO, 2,5 MM², ANTI-CHAMA 450/750 V, PARA CIRCUITOS TERMINAIS - FORNECIMENTO E INSTALAÇÃO. AF_03/2023 | D59: M | E59: 6 | F59: 4.63 | G59: =F59*$I$8 -> 5.689344 | H59: =G59*E59 -> 34.136064
A60: 3.5.2 | B60: 103782 | C60: LUMINÁRIA TIPO PLAFON CIRCULAR, DE SOBREPOR, COM LED DE 12/13 W - FORNECIMENTO E INSTALAÇÃO. AF_09/2024 | D60: UN | E60: 1 | F60: 30.6 | G60: =F60*$I$8 -> 37.60128 | H60: =G60*E60 -> 37.60128
A61: 3.6 | C61: ESQUADRIAS
A62: 3.6.1 | B62: 94570 | C62: JANELA DE ALUMÍNIO DE CORRER COM 2 FOLHAS PARA VIDROS (VIDROS INCLUSOS), BATENTE/ REQUADRO 6 A 14 CM, ACABAMENTO COM ACETATO OU BRILHANTE, FIXAÇÃO COM PARAFUSO, SEM GUARNIÇÃO/ ALIZAR, DIMENSÕES 100X120 CM, VEDAÇÃO COM SILICONE, EXCLUSIVE CONTRAMARCO - FORNECIMENTO E INSTALAÇÃO. AF_11/2024 | D62: M2 | E62: =1*1 -> 1 | F62: 328.81 | G62: =F62*$I$8 -> 404.04173 | H62: =G62*E62 -> 404.04173
A63: SUB TOTAL DO ITEM | H63: =SUM(H21:H62) -> 15606.792
A65: 4.0 ILUMINAÇÃO
A66: 4.1 | B66: ED-13344 | C66: LÂMPADA LED, BASE E27, POTÊNCIA 20W, BULBO A70, TEMPERATURA DA COR 6500K, TENSÃO 110-127V, FORNECIMENTO E INSTALAÇÃO, EXCLUSIVE LUMINÁRIA | D66: UN | E66: 10 | F66: 18.21 | G66: =F66*$I$8 -> 22.376448 | H66: =E66*G66 -> 223.76448
A67: 4.2 | B67: 100903 | C67: LÂMPADA TUBULAR LED DE 18/20 W, COM SOQUETE, BASE G13 - FORNECIMENTO E INSTALAÇÃO. AF_09/2024_PS | D67: UN | E67: 9 | F67: 31.26 | G67: =F67*$I$8 -> 38.412288 | H67: =E67*G67 -> 345.71059
A68: SUB TOTAL DO ITEM | H68: =SUM(H66:H67) -> 569.47507
A70: 5.0 PORTAS
A71: 5.1 | B71: 101747 | C71: PORTA DE CORRER DE ALUMÍNIO, COM DUAS FOLHAS PARA VIDRO, INCLUSO VIDRO LISO INCOLOR, FECHADURA E PUXADOR, SEM ALIZAR. AF_12/2019 | D71: M2 | E71: =2.39*2.24 -> 5.3536 | F71: 78.73 | G71: 472.8 | H71: =G71*E71 -> 2531.1821
A72: 5.2 | B72: ED-48516 | C72: REMOÇÃO MANUAL DE VIDRO EM ESQUADRIAS, COM OU SEM REAPROVEITAMENTO, INCLUSIVE LIMPEZA DO ENCAIXE, AFASTAMENTO E EMPILHAMENTO, EXCLUSIVE TRANSPORTE E RETIRADA DO MATERIAL REMOVIDO NÃO REAPROVEITÁVEL | D72: M2 | E72: =0.845*2.265 -> 1.913925 | F72: 7.38 | G72: 473.8 | H72: =G72*E72 -> 906.81767
A73: 5.3 | B73: 102182 | C73: PORTA PIVOTANTE DE VIDRO TEMPERADO, 90X210 CM, ESPESSURA 10 MM, INCLUSIVE ACESSÓRIOS. AF_01/2021 | D73: UN | E73: 1 | F73: 696.59 | G73: 473.8 | H73: =G73*E73 -> 473.8
A74: 5.4 | B74: ED-48516 | C74: REMOÇÃO MANUAL DE VIDRO EM ESQUADRIAS, COM OU SEM REAPROVEITAMENTO, INCLUSIVE LIMPEZA DO ENCAIXE, AFASTAMENTO E EMPILHAMENTO, EXCLUSIVE TRANSPORTE E RETIRADA DO MATERIAL REMOVIDO NÃO REAPROVEITÁVEL | D74: M2 | E74: =2.39*2.24 -> 5.3536 | F74: 7.38 | G74: 474.8 | H74: =G74*E74 -> 2541.8893
A75: 5.5 | B75: ED-50982 | C75: PORTÃO EM CHAPA DE AÇO GALVANIZADO, TIPO LAMBRIL, ESP. 1,25MM (GSG-18), COM REQUADRO EM TUBO DE AÇO (50X30)MM, ESP. 1,25MM, EXCLUSIVE CADEADO E PINTURA | D75: M2 | E75: =0.98*2.2 -> 2.156 | F75: 505.36 | G75: 474.8 | H75: =G75*E75 -> 1023.6688
A76: 5.6 | B76: ED-48494 | C76: REMOÇÃO MANUAL DE FOLHA DE PORTA OU JANELA DE MADEIRA OU METÁLICA, COM REAPROVEITAMENTO, INCLUSIVE AFASTAMENTO E EMPILHAMENTO, EXCLUSIVE TRANSPORTE E RETIRADA DO MATERIAL REMOVIDO NÃO REAPROVEITÁVEL | D76: M2 | E76: =0.98*2.195 -> 2.1511 | F76: 10.22 | G76: 475.8 | H76: =G76*E76 -> 1023.4934
A77: 5.7 | B77: 90830 | C77: FECHADURA DE EMBUTIR COM CILINDRO, EXTERNA, COMPLETA, ACABAMENTO PADRÃO MÉDIO, INCLUSO EXECUÇÃO DE FURO - FORNECIMENTO E INSTALAÇÃO. AF_12/2019 | D77: UN | E77: 1 | F77: 184.62 | G77: 475.8 | H77: =G77*E77 -> 475.8
A78: SUB TOTAL DO ITEM | H78: =SUM(H71:H77) -> 8976.6512
A80: 6.0 PINTURA
A81: 6.1 | B81: 88489 | C81: PINTURA LÁTEX ACRÍLICA PREMIUM, APLICAÇÃO MANUAL EM PAREDES, DUAS DEMÃOS. AF_04/2023 | D81: M2 | E81: =((3.4*3.52)-(2.29*2.21))+((6.32*3.52)-((0.9*2.1)+(1*1)+(0.8*2.1)+(0.8*2.1)))+((2.37*3.52)*2)+(1.11*3.52)+((3.8*3.52)-((0.7*2.1)*3))+((3.31*3.52)-(1.8*2.2))+(0.45*3.52)+((4.27*3.52)-(3*1.72))+(2.24*3.52)+((7.71*3.52)-((1*1)+(0.8*2.1)+(0.8*2.1)))+((2.24*3.52)-(0.8*2.1))+((7.71*3.52)-((1*1)*2))+(((1.73*(3.52-1.64))*2)-((0.7*1)+(0.9*2.1)))+(((2.24*(3.52-1.64))*2)+(((1.86*(3.52-1.54))*6)+((((1.39*(3.52-1.64))*2)-((0.7*1)+(0.7*2.1)))+((((1.17*(3.52-1.64))*2)-((0.7*1)+(0.7*2.1)))+(0.86*4)+((((0.94*(3.52-1.64))*2)-((0.7*1)+(0.7*2.1)))))))) -> 178.1391 | F81: 13.55 | G81: =F81*$I$8 -> 16.65024 | H81: =E81*G81 -> 2966.0588
A82: 6.2 | B82: 88488 | C82: PINTURA LÁTEX ACRÍLICA PREMIUM, APLICAÇÃO MANUAL EM TETO, DUAS DEMÃOS. AF_04/2023 | D82: M2 | E82: =(3.4*6.32)+(1.11*3.8)+(0.43*2.2)+(2.24*1.73)+(2.24*7.71)+(0.88*1)+(2.1*8.58)+(1.39*1.86)+(1.17*1.86)+(0.94*1.86)+4.95 -> 78.1556 | F82: 16.13 | G82: =F82*$I$8 -> 19.820544 | H82: =E82*G82 -> 1549.0865
A83: 6.3 | B83: 88431 | C83: APLICAÇÃO MANUAL DE PINTURA COM TINTA TEXTURIZADA ACRÍLICA EM PAREDES EXTERNAS DE CASAS, DUAS CORES. AF_03/2024 | D83: M2 | E83: =((6.39*4.74)-(2.29*2.21))+((10.04*4.74)-((0.7*1)+(1*1)+(1*1.3)))+(1.3*4.74)+((1.58*4.74)-(1*1.15))+(0.58*4.74)+((6*4.74)-((2.15*1.15)+(0.8*2.1)))+((4.95*4.74)-((0.7*1)*3))+((5.92*4.74)-(1.8*2.2))+(0.43*4.74)+((4.27*4.74)-(3*1.72))+(((2.71*0.76)*2)+(3.6*0.76)) -> 178.7922 | F83: 26.37 | G83: =F83*$I$8 -> 32.403456 | H83: =E83*G83 -> 5793.4852
A84: 6.4 | B84: 100717 | C84: LIXAMENTO MANUAL EM SUPERFÍCIES METÁLICAS EM OBRA. AF_01/2020 | D84: M2 | E84: =(10*1.6)+(1.2*2.1) -> 18.52 | F84: 10.95 | G84: =F84*$I$8 -> 13.45536 | H84: =E84*G84 -> 249.19327
A85: 6.5 | B85: 100725 | C85: PINTURA COM TINTA ALQUÍDICA DE FUNDO E ACABAMENTO (ESMALTE SINTÉTICO GRAFITE) PULVERIZADA SOBRE SUPERFÍCIES METÁLICAS (EXCETO PERFIL) EXECUTADO EM OBRA (POR DEMÃO). AF_01/2020_PE | D85: M2 | E85: =E84 -> 18.52 | F85: 30.19 | G85: =F85*$I$8 -> 37.097472 | H85: =E85*G85 -> 687.04518
A86: SUB TOTAL DO ITEM | H86: =SUM(H81:H85) -> 11244.869
A88: 7.0 LIMPEZA DA OBRA
A89: 7.1 | B89: ED-50266 | C89: LIMPEZA FINAL PARA ENTREGA DA OBRA | D89: M2 | E89: 100 | F89: 8.33 | G89: =F89*$I$8 -> 10.235904 | H89: =E89*G89 -> 1023.5904
A90: SUB TOTAL DO ITEM | H90: =SUM(H89) -> 1023.5904
A91: TOTAL DA OBRA | H91: =H11+H17+H63+H68+H78+H86+H90 -> 47537.464
A94: __________________________________________________________
A95: Lucas Vinicius Pereira de Lima
A96: Engenheiro Civil
A97: Crea-MG: 227.313/D

Sheet BDI
A1: PREFEITURA MUNICIPAL DE MONTE BELO/MG
A2: BDI - REFORMA DA FARMACIA DE MINAS
A3: Obra: | B3: =Orçamento!B3 -> Reforma da Farmacia de Minas
A4: Local: | B4: =Orçamento!B4 -> Rua 15 de Novembro, nº 824, Centro | C4: BDI: | D4: 0.2288
A5: Autor: | B5: Lucas Vinicius Pereira de Lima | D5: =Orçamento!F5 -> 45930
A6: CREA/CAU | B6: 227.323/D
A8: Tipo de Obra (conforme Acórdão 2622/2013 - TCU):
A9: - Construção de Edifícios (também para Reformas)
A11: ITENS | C11: SIGLAS | D11: VALORES | F11: LIMITE INFERIOR | G11: LIMITE SUPERIOR
A12: TAXA DE RATEIO DA ADMINISTRAÇÃO CENTRAL | C12: AC | D12: 0.04 | F12: 0.03 | G12: 0.055
A13: TAXA DE SEGURO E GARANTIA DO EMPREENDIMENTO | C13: S+G | D13: 0.0095 | F13: 0.008 | G13: 0.01
A14: TAXA DE RISCO | C14: R | D14: 0.012 | F14: 0.0097 | G14: 0.0127
A15: TAXA DE DESPESAS FINANCEIRAS | C15: DF | D15: 0.012 | F15: 0.0059 | G15: 0.0139
A16: TAXA DE LUCRO | C16: L | D16: 0.085 | F16: 0.0616 | G16: 0.0896
A17: TAXA DE TRIBUTOS | B17: PIS (geralmente 0,65%) | C17: I | D17: 0.0065 | F17: Variável
B18: COFINS (geralmente 3,00%) | D18: 0.03
B19: ISS (legislação municipal) | D19: 0.015
B20: CPRB (INSS) | D20: 0
A21: BDI conforme Acórdão 2622/2013 - TCU | D21: 0.2288 | F21: 0.2034 | G21: 0.25
A22: BDI RESULTANTE | D22: =D21 -> 0.2288
A24: FÓRMULA UTILIZADA:
A27: Conforme legislação tributária municipal, a base de cálculo do ISS corresponde a 50,00 % do valor deste tipo de obra e, sobre esta base, incide ISS com alíquota de 3,00%
A30: __________________________________________________________
A31: Lucas Vinicius Pereira de Lima
A32: Engenheiro Civil
A33: Crea-MG: 227.313/D

Sheet Cálculo Quantitativo
A1: PREFEITURA MUNICIPAL DE MONTE BELO/MG
A2: PLANILHA ORÇAMENTÁRIA - REFORMA DA FARMACIA DE MINAS
A3: Obra: | B3: Reforma da Farmacia de Minas | D3: Referência: | F3: SINAPI 05/2025, SETOP 04/2025 e SUDECAP 04/2025
A4: Local: | B4: Rua 15 de Novembro, nº 1824, Centro | D4: BDI: | F4: =0.2288 -> 0.2288
A5: Autor: | B5: Lucas Vinicius Pereira de Lima | D5: Data: | F5: 45930
A6: CREA/CAU | B6: 227.323/D | F6: Não Desonerado
A8: Item | B8: Código | C8: Descriminação do ítem | D8: Quant. | I8: 1.2288
A9: 1.0 SERVIÇOS PRELIMINARES
A10: 1.1 | B10: 103689 | C10: FORNECIMENTO E INSTALAÇÃO DE PLACA DE OBRA COM CHAPA GALVANIZADA E ESTRUTURA DE MADEIRA. AF_03/2022_PS | D10: 2.5
A13: 2.0 TELHADO E COBERTURA
A14: 2.1 | B14: 97647 | C14: REMOÇÃO DE TELHAS DE FIBROCIMENTO METÁLICA E CERÂMICA, DE FORMA MANUAL, SEM REAPROVEITAMENTO. AF_09/2023 | D14: 89.64
A15: 2.2 | B15: 94213 | C15: TELHAMENTO COM TELHA DE AÇO/ALUMÍNIO E = 0,5 MM, COM ATÉ 2 ÁGUAS, INCLUSO IÇAMENTO. AF_07/2019 | D15: 89.64
A16: 2.3 | B16: ED-50169 | C16: IMPERMEABILIZAÇÃO COM MANTA ASFÁLTICA ANTIRRAIZ, TIPO III, CLASSE A, ESP. 4MM, INCLUSIVE APLICAÇÃO DE PRIMER ASFÁLTICO | D16: 15
A19: 3.0 AMPLIAÇÃO
A20: 3.1 | C20: INFRAESTRUTURA
A21: 3.1.1 | B21: ED-48435 | C21: DEMOLIÇÃO MANUAL DE ALVENARIA DE TIJOLO CERÂMICO OU BLOCO DE CONCRETO, INCLUSIVE AFASTAMENTO E EMPILHAMENTO, EXCLUSIVE TRANSPORTE E RETIRADA DO MATERIAL DEMOLIDO | D21: 1,43*3*0,25
A22: 3.1.2 | B22: ED-51125 | C22: TRANSPORTE DE MATERIAL DEMOLIDO EM CAÇAMBA, EXCLUSIVE CARGA MANUAL OU MECÂNICA | D22: (1,43*3*0,25)+(10*0,15*0,15)
A23: 3.1.3 | B23: ED-48507 | C23: DEMOLIÇÃO MANUAL DE SARJETA OU SARJETÃO DE CONCRETO, INCLUSIVE AFASTAMENTO E EMPILHAMENTO, EXCLUSIVE TRANSPORTE E RETIRADA DO MATERIAL DEMOLIDO (DEMOLIÇÃO DE CANTEIRO) | D23: 10
A24: 3.1.4 | B24: ED-48516 | C24: REMOÇÃO MANUAL DE VIDRO EM ESQUADRIAS, COM OU SEM REAPROVEITAMENTO, INCLUSIVE LIMPEZA DO ENCAIXE, AFASTAMENTO E EMPILHAMENTO, EXCLUSIVE TRANSPORTE E RETIRADA DO MATERIAL REMOVIDO NÃO REAPROVEITÁVEL | D24: 1*1
A25: 3.1.5 | B25: ED-48470 | C25: REMOÇÃO MANUAL DE METAIS COMUNS E ACABAMENTOS (TORNEIRA, ACABAMENTO PARA REGISTRO, SIFÃO, ENGATE FLEXÍVEL, ETC.), COM REAPROVEITAMENTO, INCLUSIVE AFASTAMENTO E EMPILHAMENTO, EXCLUSIVE TRANSPORTE E RETIRADA DO MATERIAL REMOVIDO NÃO REAPROVEITÁVEL | D25: 1
A26: 3.1.6 | B26: 03.15.03 | C26: ATERRO COMPACTADO MANUALMENTE COM SOQUETE | D26: 4,65*0,3
A27: 3.1.7 | B27: ED-29551 | C27: CORTE, DOBRA E MONTAGEM DE AÇO CA-50, DIÂMETRO 10MM, INCLUSIVE ESPAÇADOR (BALDRAME) | D27: 0,86*4*0,624
A28: 3.1.8 | B28: ED-29548 | C28: CORTE, DOBRA E MONTAGEM DE AÇO CA-60, DIÂMETRO 5MM, INCLUSIVE ESPAÇADOR (BALDRAME) | D28: (((0,35+0,25)*2)*6)*0,154
A29: 3.1.9 | B29: ED-29551 | C29: CORTE, DOBRA E MONTAGEM DE AÇO CA-50, DIÂMETRO 10MM, INCLUSIVE ESPAÇADOR (RESPALDO) | D29: 0,86*4*0,624
A30: 3.1.10 | B30: ED-29548 | C30: CORTE, DOBRA E MONTAGEM DE AÇO CA-60, DIÂMETRO 5MM, INCLUSIVE ESPAÇADOR (RESPALDO) | D30: (((0,35+0,25)*2)*6)*0,154
A31: 3.1.11 | B31: ED-48233 | C31: ALVENARIA DE VEDAÇÃO COM TIJOLO CERÂMICO FURADO, ESP. 19CM, PARA REVESTIMENTO, INCLUSIVE ARGAMASSA PARA ASSENTAMENTO | D31: 0,86*3
A32: 3.1.12 | B32: ED-8564 | C32: FÔRMA PARA VIGA-CINTA/BLOCO DE MADEIRA COM TÁBUA E SARRAFO (MONTAGEM)(VIGA DE RESPALDO) | D32: (0,3*0,86)*2
A33: 3.1.13 | B33: ED-49618 | C33: FORNECIMENTO DE CONCRETO ESTRUTURAL, PREPARADO EM OBRA, COM FCK 20MPA, INCLUSIVE LANÇAMENTO, ADENSAMENTO E ACABAMENTO | D33: ((0,3*0,2*0,86)*2)
A34: 3.2 | C34: IMPERMEABILIZAÇÃO
A35: 3.2.1 | B35: ED-50764 | C35: REVESTIMENTO COM IMPERMEABILIZANTE EM DUAS (2) CAMADAS SOBREPOSTAS DE ARGAMASSA, TRAÇO 1:3 (CIMENTO E AREIA) COM ADITIVO IMPERMEABILIZANTE, ESP. 20MM, INCLUSIVE PINTURA COM DUAS (2) DEMÃOS COM EMULSÃO ASFÁLTICA | D35: (4,92*3)+((0,3+0,3+0,2)*0,86)
A36: 3.3 | C36: COBERTURA
A37: 3.3.1 | B37: ED-48323 | C37: LAJE PRÉ-MOLDADA D = 8 CM, CONCRETO 1:2:4 COM ARMAÇÃO E FORMA RESINADA | D37: 4.65
A38: 3.3.2 | B38: 94207 | C38: TELHAMENTO COM TELHA ONDULADA DE FIBROCIMENTO E = 6 MM, COM RECOBRIMENTO LATERAL DE 1/4 DE ONDA PARA TELHADO COM INCLINAÇÃO MAIOR QUE 10°, COM ATÉ 2 ÁGUAS, INCLUSO IÇAMENTO. AF_07/2019 | D38: 4.65
A39: 3.3.3 | B39: ED-50661 | C39: CALHA EM CHAPA GALVANIZADA, ESP. 0,5MM (GSG-26), COM DESENVOLVIMENTO DE 33CM, INCLUSIVE IÇAMENTO MANUAL VERTICAL | D39: 4.92
A40: 3.3.4 | B40: ED-50683 | C40: RUFO E CONTRARRUFO EM CHAPA GALVANIZADA, ESP. 0,5MM (GSG-26), COM DESENVOLVIMENTO DE 20CM, INCLUSIVE IÇAMENTO MANUAL VERTICAL | D40: 5.49
A41: 3.3.5 | B41: ED-28551 | C41: CONDUTOR DE ÁGUAS PLUVIAIS RETANGULAR EM AÇO GALVANIZADO, DIMENSÃO (43X85)MM, , ESP. 0,43MM (GSG-28), INCLUSIVE CONEXÕES E SUPORTES | D41: 3
A42: 3.4 | C42: ACABAMENTOS
A43: 3.4.1 | B43: ED-50569 | C43: CONTRAPISO DESEMPENADO COM ARGAMASSA, TRAÇO 1:3 (CIMENTO E AREIA), ESP. 50MM, INCLUSIVE ARGAMASSA COM PREPARO MECANIZADO | D43: 4.65
A44: 3.4.2 | B44: 94992 | C44: EXECUÇÃO DE PASSEIO (CALÇADA) OU PISO DE CONCRETO COM CONCRETO MOLDADO IN LOCO, FEITO EM OBRA, ACABAMENTO CONVENCIONAL, ESPESSURA 6 CM, ARMADO. AF_08/2022 | D44: 4.65
A45: 3.4.3 | B45: ED-50542 | C45: REVESTIMENTO COM CERÂMICA APLICADO EM PISO, ACABAMENTO ESMALTADO, AMBIENTE INTERNO, PADRÃO EXTRA, DIMENSÃO DA PEÇA ATÉ 2025 CM2, PEI V, ASSENTAMENTO COM ARGAMASSA INDUSTRIALIZADA, INCLUSIVE REJUNTAMENTO | D45: 4.65
A46: 3.4.4 | B46: ED-50731 | C46: CHAPISCO COM ARGAMASSA INDUSTRIALIZADA, ESP. 5MM, APLICADO EM ALVENARIA/ESTRUTURA DE CONCRETO COM DESEMPENADEIRA METÁLICA, INCLUSIVE ARGAMASSA COM PREPARO MECANIZADO | D46: (4,92+0,86)*3
A47: 3.4.5 | B47: ED-50761 | C47: REBOCO COM ARGAMASSA, TRAÇO 1:2:8 (CIMENTO, CAL E AREIA) , ESP. 20MM, APLICAÇÃO MANUAL, INCLUSIVE ARGAMASSA COM PREPARO MECANIZADO, EXCLUSIVE CHAPISCO | D47: (4,92+0,86)*3
A48: 3.4.6 | B48: ED-50732 | C48: EMBOÇO COM ARGAMASSA, TRAÇO 1:6 (CIMENTO E AREIA), ESP. 20MM, APLICAÇÃO MANUAL, INCLUSIVE ARGAMASSA COM PREPARO MECANIZADO, EXCLUSIVE CHAPISCO | D48: (4,92+0,86)*3
A49: 3.4.7 | B49: ED-9081 | C49: REVESTIMENTO COM CERÂMICA APLICADO EM PAREDE, ACABAMENTO ESMALTADO, AMBIENTE INTERNO/EXTERNO, PADRÃO EXTRA, DIMENSÃO DA PEÇA ATÉ 2025 CM2, PEI III, ASSENTAMENTO COM ARGAMASSA INDUSTRIALIZADA, INCLUSIVE REJUNTAMENTO | D49: (4,92+0,86+5,49)*3
A50: 3.4.8 | B50: ED-9066 | C50: REVESTIMENTO DE GESSO EM TETO, ESP. 5MM, APLICAÇÃO MANUAL, INCLUSIVE ACABAMENTO SARRAFEADO | D50: 4.65
A51: 3.5 | C51: INSTALAÇÕES ELÉTRICAS
A52: 3.5.1 | B52: 92023 | C52: INTERRUPTOR SIMPLES (1 MÓDULO) COM 1 TOMADA DE EMBUTIR 2P+T 10 A, INCLUINDO SUPORTE E PLACA - FORNECIMENTO E INSTALAÇÃO. AF_03/2023 | D52: 1
B53: 90447 | C53: RASGO LINEAR MANUAL EM ALVENARIA, PARA ELETRODUTOS, DIÂMETROS MENORES OU IGUAIS A 40 MM. AF_09/2023 | D53: 2
B54: 92868 | C54: CAIXA RETANGULAR 4" X 2" MÉDIA (1,30 M DO PISO), METÁLICA, INSTALADA EM PAREDE - FORNECIMENTO E INSTALAÇÃO. AF_03/2023 | D54: 2
B55: 91936 | C55: CAIXA OCTOGONAL 4" X 4", PVC, INSTALADA EM LAJE - FORNECIMENTO E INSTALAÇÃO. AF_03/2023 | D55: 1
B56: 91855 | C56: ELETRODUTO FLEXÍVEL CORRUGADO REFORÇADO, PVC, DN 25 MM (3/4"), PARA CIRCUITOS TERMINAIS, INSTALADO EM PAREDE - FORNECIMENTO E INSTALAÇÃO. AF_03/2023 | D56: 2
B57: 91845 | C57: ELETRODUTO FLEXÍVEL CORRUGADO REFORÇADO, PVC, DN 25 MM (3/4"), PARA CIRCUITOS TERMINAIS, INSTALADO EM LAJE - FORNECIMENTO E INSTALAÇÃO. AF_03/2023 | D57: 1
B58: 91924 | C58: CABO DE COBRE FLEXÍVEL ISOLADO, 1,5 MM², ANTI-CHAMA 450/750 V, PARA CIRCUITOS TERMINAIS - FORNECIMENTO E INSTALAÇÃO. AF_03/2023 | D58: 6
B59: 91926 | C59: CABO DE COBRE FLEXÍVEL ISOLADO, 2,5 MM², ANTI-CHAMA 450/750 V, PARA CIRCUITOS TERMINAIS - FORNECIMENTO E INSTALAÇÃO. AF_03/2023 | D59: 6
A60: 3.5.2 | B60: 103782 | C60: LUMINÁRIA TIPO PLAFON CIRCULAR, DE SOBREPOR, COM LED DE 12/13 W - FORNECIMENTO E INSTALAÇÃO. AF_09/2024 | D60: 1
A61: 3.6 | C61: ESQUADRIAS
A62: 3.6.1 | B62: 94570 | C62: JANELA DE ALUMÍNIO DE CORRER COM 2 FOLHAS PARA VIDROS (VIDROS INCLUSOS), BATENTE/ REQUADRO 6 A 14 CM, ACABAMENTO COM ACETATO OU BRILHANTE, FIXAÇÃO COM PARAFUSO, SEM GUARNIÇÃO/ ALIZAR, DIMENSÕES 100X120 CM, VEDAÇÃO COM SILICONE, EXCLUSIVE CONTRAMARCO - FORNECIMENTO E INSTALAÇÃO. AF_11/2024 | D62: 1*1
A65: 4.0 INSTALAÇÕES ELÉTRICAS
A66: 4.1 | B66: ED-13344 | C66: LÂMPADA LED, BASE E27, POTÊNCIA 20W, BULBO A70, TEMPERATURA DA COR 6500K, TENSÃO 110-127V, FORNECIMENTO E INSTALAÇÃO, EXCLUSIVE LUMINÁRIA | D66: 10
A67: 4.2 | B67: 100903 | C67: LÂMPADA TUBULAR LED DE 18/20 W, COM SOQUETE, BASE G13 - FORNECIMENTO E INSTALAÇÃO. AF_09/2024_PS | D67: 9
A70: 5.0 PORTAS
A71: 5.1 | B71: 101747 | C71: PORTA DE CORRER DE ALUMÍNIO, COM DUAS FOLHAS PARA VIDRO, INCLUSO VIDRO LISO INCOLOR, FECHADURA E PUXADOR, SEM ALIZAR. AF_12/2019 | D71: 2,39*2,24
B72: ED-48516 | C72: REMOÇÃO MANUAL DE VIDRO EM ESQUADRIAS, COM OU SEM REAPROVEITAMENTO, INCLUSIVE LIMPEZA DO ENCAIXE, AFASTAMENTO E EMPILHAMENTO, EXCLUSIVE TRANSPORTE E RETIRADA DO MATERIAL REMOVIDO NÃO REAPROVEITÁVEL | D72: 0,845*2,265
B73: 102182 | C73: PORTA PIVOTANTE DE VIDRO TEMPERADO, 90X210 CM, ESPESSURA 10 MM, INCLUSIVE ACESSÓRIOS. AF_01/2021 | D73: 1
B74: ED-48516 | C74: REMOÇÃO MANUAL DE VIDRO EM ESQUADRIAS, COM OU SEM REAPROVEITAMENTO, INCLUSIVE LIMPEZA DO ENCAIXE, AFASTAMENTO E EMPILHAMENTO, EXCLUSIVE TRANSPORTE E RETIRADA DO MATERIAL REMOVIDO NÃO REAPROVEITÁVEL | D74: 2,39*2,24
A75: 5.2 | B75: ED-50982 | C75: PORTÃO EM CHAPA DE AÇO GALVANIZADO, TIPO LAMBRIL, ESP. 1,25MM (GSG-18), COM REQUADRO EM TUBO DE AÇO (50X30)MM, ESP. 1,25MM, EXCLUSIVE CADEADO E PINTURA | D75: 0,98*2,2
A76: 5.3 | B76: ED-48494 | C76: REMOÇÃO MANUAL DE FOLHA DE PORTA OU JANELA DE MADEIRA OU METÁLICA, COM REAPROVEITAMENTO, INCLUSIVE AFASTAMENTO E EMPILHAMENTO, EXCLUSIVE TRANSPORTE E RETIRADA DO MATERIAL REMOVIDO NÃO REAPROVEITÁVEL | D76: 0,98*2,2
A77: 5.4 | B77: 90830 | C77: FECHADURA DE EMBUTIR COM CILINDRO, EXTERNA, COMPLETA, ACABAMENTO PADRÃO MÉDIO, INCLUSO EXECUÇÃO DE FURO - FORNECIMENTO E INSTALAÇÃO. AF_12/2019 | D77: 1
A80: 6.0 PINTURA
A81: 6.1 | B81: 88489 | C81: PINTURA LÁTEX ACRÍLICA PREMIUM, APLICAÇÃO MANUAL EM PAREDES, DUAS DEMÃOS. AF_04/2023 | D81: ((3,4*3,52)-(2,29*2,21))+((6,32*3,52)-((0,9*2,1)+(1*1)+(0,8*2,1)+(0,8*2,1)))+((2,37*3,52)*2)+(1,11*3,52)+((3,8*3,52)-((0,7*2,1)*3))+((3,31*3,52)-(1,8*2,2))+(0,45*3,52)+((4,27*3,52)-(3*1,72))+(2,24*3,52)+((7,71*3,52)-((1*1)+(0,8*2,1)+(0,8*2,1)))+((2,24*3,52)-(0,8*2,1))+((7,71*3,52)-((1*1)*2))+(((1,73*(3,52-1,64))*2)-((0,7*1)+(0,9*2,1)))+(((2,24*(3,52-1,64))*2)+(((1,86*(3,52-1,54))*6)+((((1,39*(3,52-1,64))*2)-((0,7*1)+(0,7*2,1)))+((((1,17*(3,52-1,64))*2)-((0,7*1)+(0,7*2,1)))+(0,86*4)+((((0,94*(3,52-1,64))*2)-((0,7*1)+(0,7*2,1))))))))
A82: 6.2 | B82: 88488 | C82: PINTURA LÁTEX ACRÍLICA PREMIUM, APLICAÇÃO MANUAL EM TETO, DUAS DEMÃOS. AF_04/2023 | D82: (3,4*6,32)+(1,11*3,8)+(0,43*2,2)+(2,24*1,73)+(2,24*7,71)+(0,88*1)+(2,1*8,58)+(1,39*1,86)+(1,17*1,86)+(0,94*1,86)+4,95
A83: 6.3 | B83: 88431 | C83: APLICAÇÃO MANUAL DE PINTURA COM TINTA TEXTURIZADA ACRÍLICA EM PAREDES EXTERNAS DE CASAS, DUAS CORES. AF_03/2024 | D83: ((6,39*4,74)-(2,29*2,21))+((10,04*4,74)-((0,7*1)+(1*1)+(1*1,3)))+(1,3*4,74)+((1,58*4,74)-(1*1,15))+(0,58*4,74)+((6*4,74)-((2,15*1,15)+(0,8*2,1)))+((4,95*4,74)-((0,7*1)*3))+((5,92*4,74)-(1,8*2,2))+(0,43*4,74)+((4,27*4,74)-(3*1,72))+(((2,71*0,76)*2)+(3,6*0,76))
A84: 6.4 | B84: 100717 | C84: LIXAMENTO MANUAL EM SUPERFÍCIES METÁLICAS EM OBRA. AF_01/2020 | D84: ((10*1,6)*2)+((1,2*2,1)*2)
A85: 6.5 | B85: 100725 | C85: PINTURA COM TINTA ALQUÍDICA DE FUNDO E ACABAMENTO (ESMALTE SINTÉTICO GRAFITE) PULVERIZADA SOBRE SUPERFÍCIES METÁLICAS (EXCETO PERFIL) EXECUTADO EM OBRA (POR DEMÃO). AF_01/2020_PE | D85: (10*1,6)+(1,2*2,1)
A88: 7.0 LIMPEZA DA OBRA
A89: 7.1 | B89: ED-50266 | C89: LIMPEZA FINAL PARA ENTREGA DA OBRA | D89: 100
A93: __________________________________________________________
A94: Lucas Vinicius Pereira de Lima
A95: Engenheiro Civil
A96: Crea-MG: 227.313/D
